Match 25737544
Unlisted

Match 25737544
End
Kettenkrad Recon Vehicle
Construct Infanterie Kompanie
Selects Mechanized Battlegroup
Selects Mechanized Battlegroup
Selects Mechanized Battlegroup
Grenadier Squad
MG 42 Machine Gun Team
GrW 34 Mortar Team
Construct Panzergrenadier Kompanie
251 Medium Carrier
Panzergrenadier Squad
251 Medium Carrier
Selects Mobile Repair Stations
Support Elements
StuG III G Assault Gun
Selects Raid Package
Nebelwerfer 42 Rocket Launcher Team
Panzergrenadier Officer Quarters
StuG III G Assault Gun
Nebelwerfer 42 Rocket Launcher Team
Construct Panzer Kompanie
Selects 8 Rad Armored Car
Selects UNKNOWN (2160084)
Bebbo
Funky Ayylien
COH2-KOR
mayomeyo
crosseazain
Yukon Cornelius
YangXYZ
catchitin
0
0

Comments sign in to comment!

No comments posted yet!